 Dungeon Crawl Stone Soup version 0.28-a0-1624-g820543e53a (webtiles) character file.

Game seed: 4940073308670803921

113 frimble the Grasshopper (level 4, -1/33 HPs)
             Began as a Demonspawn Warper on Jan 23, 2022.
             Slain by Grinder (9 damage)
             ... while paralysed by Grinder
             ... on level 3 of the Dungeon.
             The game lasted 00:04:05 (3078 turns).

frimble the Grasshopper (Demonspawn Warper)         Turns: 3078, Time: 00:04:06

Health: -1/33      AC:  5    Str: 12    XL:     4   Next: 65%
Magic:  7/7        EV:  2    Int: 16    God:
Gold:   180        SH:  0    Dex: 14    Spells: 5/7 levels left

rFire   . . .      SeeInvis .     - Unarmed
rCold   . . .      Faith    .   (no shield)
rNeg    . . .      Spirit   .   o - +0 troll leather armour
rPois   .          Reflect  .   (no helmet)
rElec   .          Harm     .   (no cloak)
rCorr   .          Rampage  .   l - +0 pair of gloves
Will    .....                   (no boots)
Stlth   ++........              (no amulet)
HPRegen 0.91/turn               (no ring)
MPRegen 0.10/turn               (no ring)

@: paralysed
A: thin skeletal structure 1, weakness stinger 1
a: no special abilities


You were on level 3 of the Dungeon.
You visited 1 branch of the dungeon, and saw 3 of its levels.

You collected 180 gold pieces.

Inventory:

Hand Weapons
 n - the +5 whip of Premature Burial {protect, rPois rF+}
   (You found it on level 2 of the Dungeon)

   It grants its wielder temporary protection when it strikes (+7 to AC).
   rF:        It protects you from fire.
   rPois:     It protects you from poison.
Missiles
 c - 5 boomerangs of dispersal
 j - 13 poisoned darts (quivered)
Armour
 l - a +0 pair of gloves (worn)
 o - a +0 troll leather armour (worn)
Wands
 a - a wand of flame (40)
Scrolls
 b - 3 scrolls of blinking
 e - a scroll of amnesia {unknown}
 i - 2 scrolls of teleportation
 k - a scroll of brand weapon {unknown}
Potions
 d - a potion of ambrosia
 f - 3 potions of lignification {unknown}
 g - a potion of mutation
 h - a potion of brilliance {unknown}
 m - a potion of haste {unknown}


   Skills:
 - Level 2.2 Fighting
 + Level 2.1 Throwing
 - Level 1.0 Armour
 - Level 2.4 Dodging
 + Level 2.6 Unarmed Combat
 - Level 2.0 Spellcasting
 + Level 3.4 Translocations


You had 5 spell levels left.
You knew the following spells:

 Your Spells              Type           Power      Damage    Failure   Level
a - Blink                 Tloc           24%        N/A       10%         2

Your spell library contained the following spells:

 Spells                   Type           Power      Damage    Failure   Level
 Gell's Gravitas          Tloc           12%        N/A       19%         3
 Lesser Beckoning         Tloc           12%        N/A       19%         3
 Teleport Other           Tloc           12%        N/A       19%         3
 Manifold Assault         Tloc           12%        N/A       87%         5


Dungeon Overview and Level Annotations

Branches:
Dungeon (3/15)

Altars:
Ashenzari

Shops:
D:1 =   D:3 :

Annotations:
D:3 Grinder


Innate Abilities, Weirdness & Mutations

You have a somewhat thin skeletal structure. (Dex +2, Stealth+)
You have a small tail.


Message History

You closely miss Grinder.
Your tail-slap misses Grinder.
Grinder is moderately wounded.
Grinder hits you!
You barely miss Grinder.
Grinder is moderately wounded.
Grinder misses you.
Okay, then.
Unknown command.
You barely miss Grinder.
Grinder is moderately wounded.
Grinder blinks!
The hobgoblin hits you.
You closely miss the hobgoblin.
The hobgoblin hits you but does no damage.
You hit the hobgoblin.
The hobgoblin is almost dead.
The hobgoblin barely misses you.
You hit the hobgoblin.
You kill the hobgoblin!
Grinder hits you.
You hit Grinder but do no damage.
Grinder is moderately wounded.
Grinder hits you but does no damage.
You barely miss Grinder.
Grinder is moderately wounded.
Grinder gestures at you.
You barely resist. You hit Grinder but do no damage.
Grinder is moderately wounded.
Grinder gestures at you. You resist with significant effort.
You barely miss Grinder.
Grinder is moderately wounded.
Grinder gestures at you.
You suddenly lose the ability to move!
Grinder gestures at you. Pain shoots through your body!
* * * LOW HITPOINT WARNING * * *
Grinder hits you!
You die...

.. #### ... ...#
#.... ##.##
#####...... #..#
#####.....#...
##.##
#..............
###..#
#####.###.#########
.###.####......5@.#
.##.......#########
....)....######
.#####..?.....#
######<#......#
...##..#[.....#
......##......#
#....###......#
###..##########


You could see Grinder.

Vanquished Creatures
  Jessica (D:3)
  3 gnolls (D:3)
  An adder (D:2)
  A dart slug (D:2)
  3 ball pythons
  4 endoplasms
  A giant cockroach (D:2)
  5 goblins
  5 hobgoblins
  4 jackals (D:1)
  A quokka (D:2)
  4 bats
  4 frilled lizards
  3 kobolds
  5 rats
45 creatures vanquished.

Notes
Turn   | Place    | Note
-------+----------+-------------------------------------------
     0 | D:1      | frimble the Demonspawn Warper began the quest for the Orb.
     0 | D:1      | Reached XP level 1. HP: 16/16 MP: 3/3
    30 | D:1      | Reached skill level 1 in Throwing
   228 | D:1      | Reached skill level 1 in Armour
   312 | D:1      | Found a faded altar of an unknown god.
   352 | D:1      | Gained mutation: You have a somewhat thin skeletal
                  | structure. (Dex +2, Stealth+) [demonic ancestry]
   352 | D:1      | Reached XP level 2. HP: 18/22 MP: 5/5
   553 | D:1      | Found Camoar's Jewellery Boutique.
   729 | D:1      | Learned a level 2 spell: Blink
  1390 | D:2      | Reached XP level 3. HP: 27/27 MP: 6/6
  1762 | D:2      | Reached skill level 3 in Translocations
  2666 | D:2      | Identified the +5 whip of Premature Burial {protect, rPois
                  | rF+}
  2754 | D:3      | Found Ahymyom's Book Emporium.
  2757 | D:3      | Noticed Jessica
  2775 | D:3      | Killed Jessica
  2776 | D:3      | Gained mutation: You have a small tail. [demonic ancestry]
  2776 | D:3      | Reached XP level 4. HP: 14/33 MP: 7/7
  2915 | D:3      | Found a broken altar of Ashenzari.
  3049 | D:3      | Noticed Grinder
  3053 | D:3      | Paralysed by Grinder for 3 turns
  3076 | D:3      | Paralysed by Grinder for 7 turns
  3078 | D:3      | Slain by Grinder

Illustrated notes

Levels and vault maps discovered:
D:1:      amcnicky_arrival_choice, layout_rooms,
          hellmonk_ecumenical_altar_pennies_from_heaven, serial_shops, shop,
          solitary_fountain, hangedman_decor_opposing
D:2:      layout_loops_corners, nrook_mini_backslash, minmay_distorted
D:3:      layout_rooms, old_standard_altar, serial_shops, shop_coins,
          uniq_jessica, uniq_grinder, uniq_crazy_yiuf_cottage

Skill      XL: |  1  2  3  4 |
---------------+-------------+-----
Throwing       | 1 2 |  2.1
Armour         | 1 |  1.0
Dodging        | 2 |  2.4
Unarmed Combat | 2 |  2.6
Translocations | 3 |  3.4
Fighting       | |  2.2
Spellcasting   | |  2.0

Action                   |  1- 3 |  4- 6 || total
-------------------------+-------+-------++-------
Melee: Unarmed           |   205 |    40 ||   245
       Punch             |     2 |     1 ||     3
       Tailslap          |       |     6 ||     6
Throw: Dart              |       |     7 ||     7
Evoke: Wand              |       |     1 ||     1
  Use: Scroll            |     6 |       ||     6
       Potion            |     1 |       ||     1
 Stab: Sleeping          |     4 |     1 ||     5
Armor: Leather armour    |    65 |       ||    65
       Troll leather arm |     2 |    10 ||    12
Dodge: Dodged            |   162 |    25 ||   187

Table legend: (Time is in decaauts)
 A = Elapsed time spent in this place.
 B = Non-inter-level travel time spent in this place.
 C = Inter-level travel time spent in this place.
 D = Time resting spent in this place.
 E = Time spent auto-exploring this place.
 F = Levels seen in this place.
 G = Mean time per level.
                   A        B        C        D        E       F      G
               +--------+--------+--------+--------+--------+-----+--------+
         Total |   3069 |   2957 |    112 |      0 |   2391 |   3 | 1023.0 |
       Dungeon |   3069 |   2957 |    112 |      0 |   2391 |   3 | 1023.0 |
               +--------+--------+--------+--------+--------+-----+--------+

Top non-repeatable levels by time:
     D:2: 1504 daAuts
     D:1: 1200 daAuts
     D:3: 365 daAuts
